 Dungeon Crawl Stone Soup version 0.29.1-12-g30fa7ad0bf (webtiles) character file.

Game seed: 4693222411080698759

114 devnull the Chopper (level 4, -2/38 HPs)
             Began as a Ghoul Gladiator on Dec 29, 2022.
             Killed by divine providence
             ... invoked by an orc priest
              (14 damage)
             ... on level 3 of the Dungeon.
             The game lasted 00:02:59 (2086 turns).

devnull the Chopper (Ghoul Gladiator)               Turns: 2086, Time: 00:03:00

Health: -2/38      AC: 11    Str: 19    XL:     4   Next: 97%
Magic:  3/3        EV: 12    Int:  3    God:
Gold:   194        SH:  0    Dex: 10    Spells: 3/3 levels left

rFire   . . .      SeeInvis .   a - +0 war axe
rCold   + . .      Faith    .   (no shield)
rNeg    + + +      Spirit   .   b - +0 leather armour
rPois   ∞          Reflect  .   g - +2 helmet
rElec   .          Harm     .   s - +0 cloak
rCorr   .          Rampage  .   (no gloves)
Will    .....                   (no boots)
Stlth   +.........              (no amulet)
HPRegen 0.00/turn               o - +4 ring of protection
MPRegen 0.08/turn               (no ring)

@: inhibited regen
A: claws 1, cold resistance 1, negative energy resistance 3, inhibited
regeneration, torment resistance 2, devour on kill
a: no special abilities


You were on level 3 of the Dungeon.
You visited 1 branch of the dungeon, and saw 3 of its levels.

You collected 194 gold pieces.

Inventory:

Hand Weapons
 a - a +0 war axe (weapon)
Missiles
 d - 3 throwing nets (quivered)
 e - 5 javelins
 l - 6 atropa-tipped darts
Armour
 b - a +0 leather armour (worn)
 g - a +2 helmet (worn)
 s - a +0 cloak (worn)
Jewellery
 o - a +4 ring of protection (left claw)
 t - a ring of ice
Scrolls
 c - 3 scrolls of amnesia {unknown}
 f - a scroll of poison {unknown}
 h - a scroll of summoning {unknown}
 j - a scroll of identify {unknown}
 m - a scroll of magic mapping {unknown}
 p - a scroll of blinking {unknown}
 r - a scroll of vulnerability {unknown}
Potions
 i - 3 potions of curing {unknown}
 k - a potion of degeneration {unknown}
 n - a potion of brilliance {unknown}
 q - a potion of flight {unknown}


   Skills:
 + Level 3.1 Fighting
 + Level 3.2 Axes
 + Level 2.5 Throwing
 + Level 1.4 Armour
 + Level 3.2 Dodging


You had 3 spell levels left.
You didn't know any spells.
Your spell library contained the following spells:

 Spells                   Type           Power      Damage    Failure   Level
 Mephitic Cloud           Conj/Pois/Air  0%         N/A       91%         3
 Olgreb's Toxic Radiance  Pois           0%         N/A       100%        4
 Spider Form              Tmut/Pois      Unusable   N/A       N/A         3

Dungeon Overview and Level Annotations

Branches:
Dungeon (3/15)

Altars:
Cheibriados


Innate Abilities, Weirdness & Mutations

You are immune to poison.
You have sharp fingernails.
Your flesh is cold resistant. (rC+)
You are immune to negative energy. (rN+++)
You do not regenerate when monsters are visible.
You are immune to unholy pain and torment.
You thrive by killing the living.


Message History

(D) Dungeon
Where to? (Enter - D:3 @ (x,y), ? - help)
r - a scroll labelled WIJUR HON ETINE
Found an encrusted bone ring.
You see here a +0 cloak.
You start putting on your armour.
You continue putting on your +0 cloak. x4
You finish putting on your +0 cloak.
t - a ring of ice You now have 129 gold pieces (gained 8).
Things that are here:
a +0 short sword; a +0 scale mail As you open the door, it creaks loudly!
There is an open door here.
You now have 142 gold pieces (gained 13).
You now have 159 gold pieces (gained 17).
There is a snail-covered altar of Cheibriados here.
You now have 166 gold pieces (gained 7).
You now have 183 gold pieces (gained 17).
You now have 194 gold pieces (gained 11).
There is an open door here.
Found a stone staircase leading down.
Found a hand axe.
o - a +4 ring of protection (left claw)
There is a stone staircase leading down here.
An orc priest comes into view. It is wielding a +0 short sword.
The orc priest shouts!
The orc priest moves out of view.
An orc comes into view. It is wielding a +0 club.
Okay, then.
An orc comes into view. It is wielding a +0 dagger.
The orc shouts!
You hear a shout!
The orc priest calls down the wrath of Beogh upon you.
Beogh smites you!
An orc priest and an orc come into view.
The orc priest shouts!
The orc shouts!
The orc priest invokes the aid of Beogh against you.
Beogh smites you!
The orc priest calls down the wrath of Beogh upon you.
Beogh smites you!
You die...

#.........#.......#
#...#####.# ###.### ..
#.....# #.####
.######.#.#.####....
..............##.#.##
#######.#.#.#.##)#..###
#......#..........
#@######..#######. #.#
##.)#.....#. ## #o#
#.).#.....#. .##)# #.#
#...'.._..#. .....##.##
#...#.....#.
.........####...#.....#.
.......#o.......#######.
#......>o####.#.........
##...##.#####.##########


You could see an orc priest and 2 orcs.

Vanquished Creatures
  3 gnolls (D:3)
  2 adders (D:2)
  2 dart slugs (D:2)
  2 orcs (D:3)
  2 ball pythons
  8 endoplasms
  6 giant cockroaches
  A goblin (D:2)
  8 hobgoblins
  2 kobolds (D:2)
  4 quokkas
  8 bats
  3 frilled lizards (D:1)
  8 rats
59 creatures vanquished.

Notes
Turn   | Place    | Note
-------+----------+-------------------------------------------
     0 | D:1      | devnull the Ghoul Gladiator began the quest for the Orb.
     0 | D:1      | Reached XP level 1. HP: 17/17 MP: 0/0
   221 | D:1      | You fall into a shaft and drop 1 floor!
   221 | D:2      | Found a faded altar of an unknown god.
   248 | D:1      | Reached XP level 2. HP: 12/25 MP: 1/1
   503 | D:1      | Got the Directory of Impurities
   927 | D:1      | Reached XP level 3. HP: 30/30 MP: 2/2
  1340 | D:2      | Reached skill level 1 in Armour
  1424 | D:2      | Reached XP level 4. HP: 37/37 MP: 3/3
  1921 | D:3      | Found a snail-covered altar of Cheibriados.
  2086 | D:3      | Killed from afar by an orc priest

Illustrated notes

Levels and vault maps discovered:
D:1:      dpeg_arrival_water_fire, layout_basic, st_stairs_11
D:2:      layout_loops_ring, nicolae_ecumenical_pavilion,
          minmay_indecisive_spiral
D:3:      layout_loops_ring, amcnicky_altar_gilded

Skill      XL: |  1  2  3  4 |
---------------+-------------+-----
Throwing       | 2 |  2.5
Dodging        | 3 |  3.2
Axes           | 3 |  3.2
Armour         | 1 |  1.4
Fighting       | 3 |  3.1

Action                   |  1- 3 |  4- 6 || total
-------------------------+-------+-------++-------
Melee: War axe           |   127 |    54 ||   181
       Punch             |     1 |       ||     1
Armor: Leather armour    |    58 |    19 ||    77
Dodge: Dodged            |   115 |    44 ||   159
